 Dungeon Crawl Stone Soup version 0.31-a0-986-g5e6e4ef867 (webtiles) character file.

Game seed: 7775305720777533865

30 lunkers the Insei (level 3, 0/28 HPs)
             Began as a Meteoran Shapeshifter on Nov 7, 2023.
             Slain by Crazy Yiuf
             ... wielding a +3 quarterstaff of chaos
              (3 damage)
             ... on level 2 of the Dungeon.
             The game lasted 00:01:01 (629 turns).

lunkers the Insei (Meteoran Shapeshifter)            Turns: 629, Time: 00:01:01

Health: 0/28       AC:  5    Str: 15    XL:     3   Next: 58%
Magic:  4/4        EV: 11    Int: 12    God:
Gold:   93         SH:  0    Dex: 15    Spells: 2/2 levels left

rFire   . .          .
                       - Unarmed
rCold   . . .        (no shield)
rNeg    . . .        l - +0 ring mail
rPois   .            (helmet currently unavailable)
rElec   .            (cloak currently unavailable)
rCorr   .            (gloves currently unavailable)
SInv    .            (boots currently unavailable)
Will    .....        (no amulet)
Stlth   +            (no ring)
HPRegen 0.24/turn    (no ring)
MPRegen 0.09/turn

%: no passive effects
@: beast-form, glowing
A: beast (slay +2), sense surroundings 1, otherworldly, glowing, explore regen
a: Begin Untransformation


You were on level 2 of the Dungeon.
You were a hulking beast.
You visited 1 branch of the dungeon, and saw 2 of its levels.

You collected 93 gold pieces.

Inventory:

Armour
 a - a +0 animal skin
 f - a +1 pair of boots of rampaging
 l - a +0 ring mail (worn)
Talismans
 c - a beast talisman
 d - a flux talisman
Scrolls
 e - a scroll of enchant armour {unknown}
 h - a scroll of blinking {unknown}
 i - 3 scrolls of identify {unknown}
 j - 2 scrolls of noise {unknown}
Potions
 b - a potion of lignification
 g - a potion of magic {unknown}
 k - a potion of haste {unknown}


   Skills:
 - Level 1.1 Fighting
 - Level 2.1 Dodging
 * Level 4.7 Unarmed Combat
 + Level 4.1 Shapeshifting


You had 2 spell levels left.
You didn't know any spells.
Your spell library was empty.

Dungeon Overview and Level Annotations

Branches:
Dungeon (2/15) Zot: 572

Altars:

Annotations:
D:2 Crazy Yiuf


Innate Abilities, Weirdness & Mutations

You are a hulking beast.
Your limbs bulge with bestial killing power. (Slay +2)
You passively map a small area around you.
You are easily found by Zot.
You glow in the dark.
You regain HP and MP as you explore.


Message History

Things that are here:
a +0 dagger; a goblin corpse A hobgoblin comes into view.
The hobgoblin shouts!
The hobgoblin hits you.
You hit the hobgoblin. You punch the hobgoblin.
You kill the hobgoblin!
No target in view!
No target in view!
No target in view!
No target in view!
No target in view!
No target in view!
No target in view!
Found a hammer.
No target in view!
Found four hammers and an ivory hammer.
Found a runed translucent door.
You see here a +0 hammer.
Crazy Yiuf shouts!
You see here a +0 hammer.
Okay, then.
Crazy Yiuf twirls on the spot.
Found a hammer.
You see here a +0 hammer.
Okay, then.
You open the door.
Crazy Yiuf says, "Buddy toodlewoodle Hive!"
Unknown command.
You hit Crazy Yiuf.
Crazy Yiuf is moderately wounded.
Crazy Yiuf hits you with a +3 quarterstaff of chaos!
* * * LOW HITPOINT WARNING * * *
Crazy Yiuf freezes you.
* * * LOW HITPOINT WARNING * * *
You hit Crazy Yiuf.
Crazy Yiuf is heavily wounded.
Crazy Yiuf hits you with a +3 quarterstaff of chaos!
* * * LOW HITPOINT WARNING * * *
Crazy Yiuf burns you.
You die...

.#....# ,,
............#####*
.####.# ,
,...####.....#
..).#.# * ...
#.....# ###.#.# *
#####.# ..#.#.###
#.## #.#.....#
♣♣♣♣♣##..#
#...#.#.# ###
*♣♣♣)♣..#.#.#
###.#.#.#
#..)#♣.)♣.......#
#.#.#.#
#...gh♣♣♣♣......#
#.#.#.## #)))#♣♣
♣♣.#..## #......#
###** ♣♣####
##......#
#.......#
#....#.###
#....#.#.#
#....#.#.#
#....#.#.#


You could see Crazy Yiuf.

Vanquished Creatures
  An orc (D:2)
  A ball python (D:1)
  An endoplasm (D:1)
  3 giant cockroaches (D:1)
  4 goblins
  5 hobgoblins
  3 quokkas (D:1)
  3 bats (D:2)
  A frilled lizard (D:1)
  A kobold (D:1)
  4 rats (D:1)
27 creatures vanquished.

Notes
Turn   | Place    | Note
-------+----------+-------------------------------------------
     0 | D:1      | lunkers the Meteoran Shapeshifter began the quest for the
                  | Orb.
     0 | D:1      | Reached XP level 1. HP: 16/16 MP: 2/2
    44 | D:1      | Reached XP level 2. HP: 17/23 MP: 3/3
   239 | D:1      | Reached XP level 3. HP: 25/28 MP: 4/4
   623 | D:2      | Found a runed translucent door.
   624 | D:2      | Noticed Crazy Yiuf
   629 | D:2      | Slain by Crazy Yiuf

Illustrated notes

Levels and vault maps discovered:
D:1:      dpeg_arrival_pits, layout_rooms, serial_rivers,
          chequers_serial_rivers_small_b, chequers_serial_rivers_micro_d,
          chequers_serial_rivers_micro_b, chequers_serial_rivers_marsh
D:2:      layout_basic, serial_shops, nicolae_shop_peninsula,
          uniq_crazy_yiuf_cottage

Skill      XL: |  1  2  3 |
---------------+----------+-----
Unarmed Combat | 4 |  4.7
Shapeshifting  | 4 |  4.1
Fighting       | |  1.1
Dodging        | |  2.1

Action                     || total
---------------------------++-------
  Melee: Unarmed           ||    70
         Punch             ||     1
 Armour: Animal skin       ||    19
         Ring mail         ||    17
  Dodge: Dodged            ||    40

Table legend: (Time is in decaauts)
 A = Elapsed time spent in this place.
 B = Non-inter-level travel time spent in this place.
 C = Inter-level travel time spent in this place.
 D = Time resting spent in this place.
 E = Time spent auto-exploring this place.
 F = Levels seen in this place.
 G = Mean time per level.
                   A        B        C        D        E       F      G
               +--------+--------+--------+--------+--------+-----+--------+
         Total |    626 |    626 |      0 |      0 |    445 |   2 |  313.0 |
       Dungeon |    626 |    626 |      0 |      0 |    445 |   2 |  313.0 |
               +--------+--------+--------+--------+--------+-----+--------+

Top non-repeatable levels by time:
     D:1: 330 daAuts
     D:2: 296 daAuts
